 Dungeon Crawl Stone Soup version 0.21.1-1-g345015f (webtiles) character file.

763 valkyrieboi the Chopper (level 7, -2/62 HPs)
             Began as a Hill Orc Fighter on June 10, 2018.
             Slain by a gnoll
             ... wielding a +0 spear
              (6 damage)
             ... on level 5 of the Dungeon.
             The game lasted 00:03:54 (3883 turns).

valkyrieboi the Chopper (Hill Orc Fighter)          Turns: 3883, Time: 00:03:55

Health: -2/62      AC:  8    Str: 21    XL:     7   Next: 81%
Magic:  7/7        EV:  7    Int:  8    God:
Gold:   213        SH: 10    Dex: 10    Spells: 6/6 levels left

rFire    . . .     SeeInvis .   a - +0 war axe
rCold    + . .     Gourm    .   c - +0 shield
rNeg     . . .     Faith    .   b - +0 scale mail
rPois    .         Spirit   .   s - +0 helmet
rElec    .         Reflect  .   (no cloak)
rCorr    .         Harm     .   (no gloves)
MR       .....     Rnd*Tele +   (no boots)
Stlth    ..........             (no amulet)
HPRegen  0.20/turn              j - ring of protection from cold
MPRegen  0.10/turn              x - ring of teleportation (curse)

@: no status effects
A: no striking features
a: no special abilities


You were on level 5 of the Dungeon.
You were not hungry.

You visited 1 branch of the dungeon, and saw 5 of its levels.

You collected 213 gold pieces.

Inventory:

Hand Weapons
 a - a +0 war axe (weapon)
Missiles
 i - 98 arrows
 y - 15 poisoned needles
Armour
 b - a +0 scale mail (worn)
 c - a +0 shield (worn)
 s - a +0 helmet (worn)
Jewellery
 j - a ring of protection from cold (left hand)
 x - a cursed ring of teleportation (right hand)
 C - an uncursed ring of flight
 G - an uncursed ring of protection from cold
Scrolls
 g - 3 scrolls of magic mapping {unknown}
 k - 2 scrolls of enchant armour {unknown}
 l - a scroll of noise {unknown}
 m - 4 scrolls of identify {unknown}
 n - a scroll of random uselessness {unknown}
 q - a scroll of enchant weapon {unknown}
 r - 3 scrolls of remove curse {unknown}
 u - a scroll of teleportation {unknown}
 B - a scroll of immolation {unknown}
 E - a scroll of amnesia {unknown}
Potions
 d - 2 potions of might
 e - 4 potions of curing
 h - a potion of haste {unknown}
 o - 2 potions of ambrosia {unknown}
 p - a potion of degeneration {unknown}
 v - a potion of resistance {unknown}
 w - a potion of agility {unknown}
 z - a potion of flight {unknown}
 A - a potion of magic {unknown}
 F - a potion of berserk rage {unknown}
Books
 t - a book of Minor Magic

   Spells                             Type                      Level
   a - Magic Dart                     Conjuration                  1
   b - Blink                          Translocation                2
   c - Call Imp                       Summoning                    2
   d - Slow                           Hexes                        2
   e - Conjure Flame                  Conjuration/Fire             3
   f - Mephitic Cloud                 Conjuration/Poison/Air       3
 D - a book of Geomancy

   Spells                             Type                      Level
   a - Sandblast                      Earth                        1
   b - Passwall                       Transmutation/Earth          2
   c - Stone Arrow                    Conjuration/Earth            3
   d - Petrify                        Transmutation/Earth          4
   e - Lee's Rapid Deconstruction     Earth                        5
Comestibles
 f - 8 rations
 H - a chunk of flesh


   Skills:
 + Level 5.8 Fighting
 * Level 7.4 Axes
 + Level 5.2 Armour
 + Level 5.2 Shields


You had 6 spell levels left.
You didn't know any spells.

Dungeon Overview and Level Annotations

Branches:
Dungeon (5/15)
 Temple: D:4-7

Altars:


Message History

You hit the gnoll.
The gnoll is lightly wounded.
You slash the gnoll!
You kill the gnoll!
The gnoll hits you but does no damage. The gnoll hits you with a halberd.
* * * LOW HITPOINT WARNING * * *
The gnoll hits you but does no damage.
Things that are here:
a club; a gnoll corpse You hit the gnoll.
The gnoll is heavily wounded.
The gnoll hits you but does no damage. The gnoll hits you with a halberd!
* * * LOW HITPOINT WARNING * * *
You slash the gnoll!
You kill the gnoll!
The gnoll hits you from afar with a spear.
* * * LOW HITPOINT WARNING * * *
The gnoll hits you from afar with a spear.
You die...

##...##...##......
#######.###.....#....
########..........#.........
.##.....##...(......#.#...###.
.(..........)............####.
..$..........###.......#..#...
...........).....#............
..........######...##..#......
...........g)@...#####.#......
..........#########....#.#....
..........# ##.##.#.#....
.........## #..##.#.##...
........## #######.###...####.
.......## ...................
....... .........##...#####
....... .........##...#####
####### ...................


You could see a gnoll.

Vanquished Creatures
  2 centaurs (D:5)
  A crimson imp (D:5)
  A hound (D:5)
  An orc priest (D:4)
  A bullfrog skeleton (D:5)
  A centaur skeleton (D:3)
  An iguana (D:4)
  Natasha (thrice) (D:4)
  4 worker ants
  An orc wizard (D:5)
  A hound skeleton (D:5)
  3 gnolls (D:5)
  11 adders
  An adder skeleton (D:4)
  An adder zombie (D:5)
  A worm (D:2)
  2 dart slugs
  3 leopard geckos
  3 orcs
  5 giant cockroaches
  8 goblins
  3 hobgoblins
  15 jackals
  5 kobolds
  2 quokkas
  A ball python (D:3)
  5 bats
  4 frilled lizards
  A jackal zombie (D:5)
  A leopard gecko skeleton (D:4)
  A leopard gecko zombie (D:5)
  6 rats
99 creatures vanquished.

Notes
Turn   | Place    | Note
-------+----------+-------------------------------------------
     0 | D:1      | valkyrieboi the Hill Orc Fighter began the quest for the Orb.
     0 | D:1      | Reached XP level 1. HP: 19/19 MP: 1/1
    88 | D:1      | Reached skill level 3 in Axes
    90 | D:1      | Reached XP level 2. HP: 27/27 MP: 2/2
   438 | D:1      | Reached XP level 3. HP: 29/33 MP: 3/3
   822 | D:2      | Reached skill level 4 in Axes
   822 | D:2      | Reached XP level 4. HP: 20/40 MP: 4/4
  1747 | D:3      | Reached XP level 5. HP: 36/47 MP: 5/5
  2111 | D:3      | Reached skill level 5 in Axes
  2624 | D:4      | Noticed Natasha
  2630 | D:4      | Killed Natasha
  2653 | D:4      | Noticed Natasha
  2657 | D:4      | Killed Natasha
  2709 | D:4      | Reached XP level 6. HP: 43/53 MP: 6/6
  3208 | D:4      | Noticed Natasha
  3217 | D:4      | Killed Natasha
  3217 | D:4      | Reached skill level 5 in Fighting
  3288 | D:5      | Entered Level 5 of the Dungeon
  3301 | D:4      | Reached skill level 6 in Axes
  3432 | D:5      | Reached XP level 7. HP: 32/61 MP: 7/7
  3662 | D:5      | Reached skill level 5 in Armour
  3699 | D:5      | Reached skill level 7 in Axes
  3699 | D:5      | Reached skill level 5 in Shields
  3883 | D:5      | Slain by a gnoll

Skill      XL: |  1  2  3  4  5  6  7 |
---------------+----------------------+-----
Axes           | 3 4 5 6 7 |  7.4
Fighting       | 4 5 |  5.8
Armour         | 4 5 |  5.2
Shields        | 4 5 |  5.2

Action                   |  1- 3 |  4- 6 |  7- 9 || total
-------------------------+-------+-------+-------++-------
Melee: War axe           |   100 |   176 |    68 ||   344
  Use: Potion            |       |       |     1 ||     1
 Stab: Distracted        |       |     1 |       ||     1
  Eat: Chunk             |       |     8 |     2 ||    10
Armor: Scale mail        |    63 |    78 |    34 ||   175
Dodge: Dodged            |    50 |    64 |    30 ||   144
Block: Shield            |    64 |   118 |    32 ||   214
